 Dungeon Crawl Stone Soup version 0.30-a0-170-g85af917532 (webtiles) character file.

Game seed: 1043783618111044269

91 BlueGoblin the Vexing (level 4, 0/33 HPs)
             Began as a Barachi Hexslinger on Oct 1, 2022.
             Slain by an orc
             ... wielding a +2 falchion of electrocution
              (8 damage)
             ... on level 2 of the Dungeon.
             The game lasted 00:05:48 (2781 turns).

BlueGoblin the Vexing (Barachi Hexslinger)          Turns: 2781, Time: 00:05:49

Health: 0/33       AC:  5    Str: 12    XL:     4   Next: 59%
Magic:  6/6        EV: 12    Int: 13    God:
Gold:   96         SH:  0    Dex: 14    Spells: 5/5 levels left

rFire   . . .      SeeInvis .    a - +1 sling
rCold   . . .      Faith    .    (no shield)
rNeg    . . .      Spirit   .    c - +0 robe
rPois   .          Reflect  .    (no helmet)
rElec   .          Harm     .    (no cloak)
rCorr   .          Rampage  .    i - +2 pair of gloves
Will    .....                    (no boots)
Stlth   +.........               (no amulet)
HPRegen 0.11/turn                (no ring)
MPRegen 0.10/turn                (no ring)

@: unable to hop, slow
A: amphibious, slowness 1, strong legs 1, +LOS
a: Hop


You were on level 2 of the Dungeon.
You visited 1 branch of the dungeon, and saw 3 of its levels.

You collected 96 gold pieces.

Inventory:

Hand Weapons
 a - a +1 sling (weapon)
 g - a +0 dagger
Armour
 c - a +0 robe (worn)
 i - a +2 pair of gloves (worn)
Scrolls
 b - a scroll of poison
 e - a scroll of teleportation
 h - a scroll of identify
 k - a scroll of immolation
 l - 2 scrolls of enchant armour
 n - a scroll of fog
Potions
 d - a potion of curing {unknown}
 f - a potion of magic
 j - a potion of mutation {unknown}
 m - a potion of resistance {unknown}
 o - a potion of brilliance {unknown}
 q - a potion of flight {unknown}


   Skills:
 + Level 1.8 Fighting
 + Level 3.8 Ranged Weapons
 + Level 2.6 Dodging
 + Level 1.3 Spellcasting
 + Level 3.8 Hexes


You had 5 spell levels left.
You didn't know any spells.
Your spell library contained the following spells:

 Spells                   Type           Power      Damage    Failure   Level
 Slow                     Hex            40%        N/A       6%          1
 Tukima's Dance           Hex            10%        N/A       17%         3
 Inner Flame              Hex/Fire       5%         N/A       36%         3
 Portal Projectile        Hex/Tloc       10%        N/A       36%         3
 Cause Fear               Hex            5%         N/A       50%         4
 Blade Hands              Tmut           0%         N/A       100%        5


Dungeon Overview and Level Annotations

Branches:
Dungeon (3/15)

Altars:
The Shining One

Shops:
D:2 [


Innate Abilities, Weirdness & Mutations

You are amphibious.
You cover ground slowly.
You can hop short distances.
You have an extended range of vision and can be seen from far away.


Message History

An orc priest comes into view. It is wielding a +0 hand axe.
You shoot a sling bullet.
The sling bullet hits the orc but does no damage.
The orc is heavily wounded.
The orc barely misses you.
The orc priest mumbles some strange prayers to Beogh against you.
Beogh smites you!
You shoot a sling bullet.
The sling bullet barely misses the orc. x2
The sling bullet hits the orc priest.
The orc priest is lightly wounded.
The orc barely misses you. The orc closely misses you.
The orc priest invokes the aid of Beogh against you.
Beogh smites you!
* * * LOW HITPOINT WARNING * * *
You climb upwards.
There is a stone staircase leading down here.
Hop to where?
Press: ? - help, Dir - move target Boing!
Fire: a) +1 sling
Press: ? - help, Shift-Dir - straight line, f - orc
Aim: an orc, wielding a +2 falchion of electrocution and wearing a +0 leather armour (57% to hit)
You shoot a sling bullet. The sling bullet barely misses the orc.
Unknown command.
Unknown command.
Fire: a) +1 sling
Press: ? - help, Shift-Dir - straight line, f/p - orc
Aim: an orc, wielding a +2 falchion of electrocution and wearing a +0 leather armour (57% to hit)
You shoot a sling bullet. The sling bullet hits the orc.
The orc is severely wounded.
The orc barely misses you.
Unknown command.
Fire: a) +1 sling
Press: ? - help, Shift-Dir - straight line, f/p - orc
Aim: an orc, wielding a +2 falchion of electrocution and wearing a +0 leather armour (severely wounded, 57% to hit)
You shoot a sling bullet. The sling bullet hits the orc.
The orc is almost dead.
The orc hits you with a +2 falchion of electrocution!
You die...

...........#........# #.# #.#
...........#........# #.# #.#
....................# #.# #.#
..........####...#.## #.####.#
...##............#.# #...<#.#
.................#.##########.#
..................>...........#
................o#.############
..#.............@#.#
#..................#
#..................#
...................#
................##.#
....######.........#
...).....#......##.#
########..#......#.# #
#.##.........#.#


You could see an orc.

Vanquished Creatures
  3 adders (D:2)
  A gnoll (D:1)
  3 worms (D:2)
  2 endoplasms (D:2)
  3 giant cockroaches
  5 goblins
  2 hobgoblins (D:2)
  6 jackals
  3 quokkas
  2 ball pythons
  5 bats
  2 frilled lizards (D:1)
  6 kobolds
  2 rats (D:2)
45 creatures vanquished.

Notes
Turn   | Place    | Note
-------+----------+-------------------------------------------
     0 | D:1      | BlueGoblin the Barachi Hexslinger began the quest for the
                  | Orb.
     0 | D:1      | Reached XP level 1. HP: 15/15 MP: 2/2
   205 | D:1      | Reached XP level 2. HP: 8/21 MP: 3/3
  1098 | D:1      | Reached XP level 3. HP: 26/26 MP: 4/4
  1633 | D:2      | Reached XP level 4. HP: 33/33 MP: 3/5
  1743 | D:2      | Found Idghogek's Antique Armour Shop.
  2768 | D:3      | Found a glowing golden altar of the Shining One.
  2781 | D:2      | Slain by an orc

Illustrated notes

Levels and vault maps discovered:
D:1:      dpeg_arrival_round_b, layout_basic
D:2:      wad_crossroads, layout_basic, serial_shops, nicolae_shop_trees
D:3:      layout_loops_ring, elyvilon_altar_1, hangedman_ru_absence,
          lemuel_crystal_altar

Skill      XL: |  1  2  3 |
---------------+----------+-----
Ranged Weapons | 3 |  3.8
Fighting       | |  1.8
Dodging        | |  2.6
Spellcasting   | |  1.3
Hexes          | |  3.8

Action                   |  1- 3 |  4- 6 || total
-------------------------+-------+-------++-------
 Fire: Sling             |   103 |    91 ||   194
 Cast: Slow              |    16 |    11 ||    27
 Abil: Hop               |     1 |     1 ||     2
  Use: Scroll            |       |     7 ||     7
Armor: Robe              |     8 |    17 ||    25
Dodge: Dodged            |    25 |    33 ||    58

Table legend: (Time is in decaauts)
 A = Elapsed time spent in this place.
 B = Non-inter-level travel time spent in this place.
 C = Inter-level travel time spent in this place.
 D = Time resting spent in this place.
 E = Time spent auto-exploring this place.
 F = Levels seen in this place.
 G = Mean time per level.
                   A        B        C        D        E       F      G
               +--------+--------+--------+--------+--------+-----+--------+
         Total |   3098 |   2934 |    164 |    671 |   1866 |   3 | 1032.7 |
       Dungeon |   3098 |   2934 |    164 |    671 |   1866 |   3 | 1032.7 |
               +--------+--------+--------+--------+--------+-----+--------+

Top non-repeatable levels by time:
     D:1: 1554 daAuts
     D:2: 1526 daAuts
     D:3: 18 daAuts
